Unix NetHack Version 5.0.0-0 post-release - last build May 10 2026 23:12:36 (d1fa5d53e341ca933230fdaa984d921c805b60aa,branch:main).

Game began 2026-05-14 14:12:13, ended 2026-05-14 15:23:09.

1212459919, neutral male human Healer

                                  ----    ---
                                ---..------.--
                                |.....@hG|...|
                                |.....--....---
                                ----..||-.....-
                               ---------..---..|
                          ---............--  -.-
                      | ---..... --.--.---     .
                      |.................|
                      ---...............------           .-
                        |.......^........|.|.---       ..-
                     ----...........---......`.|     ....|
              -.................... ----.......--- ......
               -.....................................- --       --
              |...................   -----.......................|
              -.. |.............|.       ---<.......-------     ....>..-
                  --..........----         ---......|                  -
                  -..........                  ..|..-
                 .*.|.......                   ---- .|
                ------.....                         --
                     ------
1212459919 the Rhizotomist   St:7 Dx:11 Co:14 In:9 Wi:18 Ch:16  Neutral
Dlvl:3  $:1028 HP:0(13) Pw:6(6) AC:8  Xp:1 T:382 

Latest messages:
 You swap places with your kitten.
 This door is locked.
 This door is locked.
 This door is locked.
 This door is locked.
 In what direction? 6
 Whammm!!
 In what direction? 6
 As you kick the door, it crashes open!
 The goblin wields a crude dagger!
 The kitten bites the goblin.  The goblin thrusts his crude dagger at the kitten.  The goblin misses the kitten.
 It misses the goblin.  It misses the goblin.
 You hear some noises.
 You see here an axe.
 k - an axe.
 You hear some noises.
 You swap places with your kitten.
 You hit the grid bug.  The grid bug bites!  You get zapped!
 You kill the grid bug!
 You descend the stairs.
 Restoring save file...
 Hello 1212459919, the human Healer, welcome back to NetHack!
 The gnome wields a bow!
 Suddenly, the gnome falls through a trap door.
 The gnome picks up 9 stones.
 You hear crashing rock.
 You hear crashing rock.
 The hobbit wields a dagger!
 The hobbit thrusts his dagger.
 The hobbit hits!
 You miss the hobbit.
 The hobbit thrusts his dagger.
 The hobbit hits!
 You die...
 Do you want your possessions identified? [ynq] (y) n
 Do you want to see your attributes? [ynq] (y) n
 Do you want an account of creatures vanquished? [ynaq] (y) n
 Do you want to see your conduct and achievements? [ynq] (y) n
 Do you want to see the dungeon overview? [ynq] (y) n

Inventory:
 Coins    ('$')
  $ - 1028 gold pieces
 Weapons  (')')
  a - a +0 scalpel (weapon in right hand)
  k - a +0 axe
 Armor    ('[')
  b - a blessed +1 pair of leather gloves (being worn)
 Comestibles  ('%')
  j - 5 uncursed apples
 Spellbooks  ('+')
  h - a blessed spellbook of extra healing
  g - a blessed spellbook of healing
  i - a blessed spellbook of stone to flesh
 Potions  ('!')
  e - 4 uncursed potions of extra healing
  d - 4 uncursed potions of healing
 Wands    ('/')
  f - a wand of sleep (0:7)
 Tools    ('(')
  c - an uncursed stethoscope

1212459919 the Healer's attributes:

Background:
 You were a Rhizotomist, a level 1 male human Healer.
 You were neutral, on a mission for Hermes
 who was opposed by Athena (lawful) and Poseidon (chaotic).
 You were right-handed.
 You were in the Gnomish Mines, on level 3.
 You entered the dungeon 382 turns ago.
 You had 14 experience points, 6 more were needed to attain level 2.

Basics:
 You had 0 out of 13 hit points.
 You had all 6 energy points (spell power).
 Your armor class was 8.
 Your wallet contained 1028 zorkmids.
 Autopickup was off.

Final Characteristics:
 Your strength was 7 (limit:18/100).
 Your dexterity was 11 (limit:18).
 Your constitution was 14 (limit:18).
 Your intelligence was 9 (limit:18).
 Your wisdom was 18 (limit:18).
 Your charisma was 16 (limit:18).

Final Status:
 You weren't hungry.
 You were unencumbered.
 You were wielding a knife.
 You had basic skill with knife.

Final Attributes:
 You were fervently aligned.
 You were poison resistant.
 You are dead.

Miscellaneous:
 You didn't encounter any bones levels.
 Total elapsed playing time was 11 minutes and 45 seconds.

Major events:
 Turn
    1: 1212459919 the neutral male human Healer entered the dungeon
  352: entered the Gnomish Mines
  382: killed by a hobbit

Spells:
 Name                 Level Category     Fail Retention
 healing                1   healing        0%  91%-100%
 extra healing          3   healing       39%  91%-100%
 stone to flesh         3   healing       51%  91%-100%

Skills:
 Fighting Skills
   bare handed combat [Unskilled]
 Weapon Skills
   dagger             [Unskilled]
   knife              [Basic]
   short sword        [Unskilled]
   saber              [Unskilled]
   club               [Unskilled]
   mace               [Unskilled]
   quarterstaff       [Unskilled]
   polearms           [Unskilled]
   spear              [Unskilled]
   trident            [Unskilled]
   sling              [Unskilled]
   dart               [Unskilled]
   shuriken           [Unskilled]
   unicorn horn       [Unskilled]
 Spellcasting Skills
   healing spells     [Basic]

Voluntary challenges:
 Character rerolling was not enabled.
 You went without food.
 You were an atheist.
 You were illiterate.
 You never genocided any monsters.
 You never polymorphed an object.
 You never changed form.
 You used no wishes.
Achievement:
 You entered the Gnomish Mines.

 The Dungeons of Doom: levels 1 to 2
    Level 1:
       A fountain.
    Level 2:
       A fountain.
       Stairs down to The Gnomish Mines.
 The Gnomish Mines:
    Level 3: <- You were here.
       Final resting place for
          you, killed by a hobbit.


Vanquished creatures:
  a goblin
  a grid bug
  3 lichens
  a newt
6 creatures vanquished.

No species were genocided or became extinct.

Game over:
                       ----------
                      /          \
                     /    REST    \
                    /      IN      \
                   /     PEACE      \
                  /                  \
                  |    1212459919    |
                  |     1028 Au      |
                  |   killed by a    |
                  |      hobbit      |
                  |                  |
                  |                  |
                  |       2026       |
                 *|     *  *  *      | *
        _________)/\\_//(\/(/\)/\//\/|_)_______

Goodbye 1212459919 the Healer...

You died in The Gnomish Mines on dungeon level 3 with 170 points,
and 1028 pieces of gold, after 382 moves.
You were level 1 with a maximum of 13 hit points when you died.

